3A
BELLEVILLE BULLS @ MT. VERNON BULLS
06/24/2034
 
TOP OF THE 1ST
Belleville Bulls batting - Pitching for Mt. Vernon Bulls : LHP Tom Burnett
Pitching: LHP Tom Burnett
Batting: SHB Júlio Moreno 0-0: Called Strike
0-1: Foul Ball, location: 2F
0-2: Fly out, F4 (Line Drive, 4)
Batting: RHB Glenn Curtis 0-0: SINGLE (Line Drive, 6MD)
Batting: RHB Holden Ford 0-0: Ball
1-0: Foul Ball, location: 2F
1-1: Fly out, F9 (Flyball, 9)
Batting: RHB Rey McSriff 0-0: Fly out, F5 (Popup, 5S)
Top of the 1st over - 0 runs, 1 hit, 0 errors, 1 left on base; Belleville 0 - Mt. Vernon 0
BOTTOM OF THE 1ST
Mt. Vernon Bulls batting - Pitching for Belleville Bulls : LHP Gerald Emerson
Pitching: LHP Gerald Emerson
Batting: RHB Ionut Tintoaca 0-0: DOUBLE (Line Drive, 7LS)
Batting: RHB Kamakakoa Kaponianani 0-0: Ball
1-0: Ball
2-0: Called Strike
2-1: Foul Ball, location: 2F
2-2: Ball
3-2: Foul Ball, location: 2F
3-2: Strikes out looking
Batting: RHB Phil Gillespie 0-0: Ball
1-0: Called Strike
1-1: SINGLE (Flyball, 7LS)
Ionut Tintoaca to third
Batting: LHB Tomás Muinos 0-0: Ball
1-0: Ball
2-0: Foul Ball, location: 2F
2-1: Fly out, F5 (Popup, 25F)
Batting: LHB Abraham Koen 0-0: Ball
1-0: Foul Ball, location: 2F
1-1: Called Strike
Passed Ball!
Ionut Tintoaca scores
Phil Gillespie to second
1-2: Strikes out swinging
Bottom of the 1st over - 1 run, 2 hits, 0 errors, 1 left on base; Belleville 0 - Mt. Vernon 1
TOP OF THE 2ND
Belleville Bulls batting - Pitching for Mt. Vernon Bulls : LHP Tom Burnett
Batting: RHB Gary Goodwin 0-0: Foul Ball, location: 2F
0-1: Swinging Strike
0-2: Ball
1-2: Fly out, F8 (Flyball, 8RD)
Batting: RHB Cary Collins 0-0: Ball
1-0: Ball
2-0: Ball
3-0: Base on Balls
Batting: LHB Juan Rodríguez 0-0: Ball
1-0: Foul Ball, location: 2F
1-1: Called Strike
1-2: Strikes out looking
Batting: RHB Kazunari Mizuno 0-0: Called Strike
0-1: Ball
1-1: Ball
2-1: Called Strike
2-2: Foul Ball, location: 2F
2-2: Ball
3-2: Base on Balls
Cary Collins to second
Batting: RHB Roberto Ortíz 0-0: SINGLE (Line Drive, 6MD)
Cary Collins to third
Kazunari Mizuno to second
Runner from 3rd tries for Home, throw and OUT!
Top of the 2nd over - 0 runs, 1 hit, 0 errors, 2 left on base; Belleville 0 - Mt. Vernon 1
BOTTOM OF THE 2ND
Mt. Vernon Bulls batting - Pitching for Belleville Bulls : LHP Gerald Emerson
Batting: SHB Roy Snider 0-0: Called Strike
0-1: Foul Ball, location: 2F
0-2: Ball
1-2: Foul Ball, location: 2F
1-2: Ball
2-2: Ball
3-2: Base on Balls
Batting: RHB Hsin-ping Teoh 0-0: Foul Ball, location: 2F
0-1: Ball
1-1: SINGLE (Flyball, 8RS)
Roy Snider to second
Batting: SHB Fergus Stidston 0-0: Ball
1-0: Called Strike
1-1: Grounds into double play, 6-4-3 (Groundball, 6)
Roy Snider to third
Batting: RHB Jiao-long Xú 0-0: Ball
Wild Pitch!
Roy Snider scores
1-0: Ball
2-0: Fly out, F8 (Flyball, 8RD)
Bottom of the 2nd over - 1 run, 1 hit, 0 errors, 0 left on base; Belleville 0 - Mt. Vernon 2
TOP OF THE 3RD
Belleville Bulls batting - Pitching for Mt. Vernon Bulls : LHP Tom Burnett
Batting: SHB Júlio Moreno 0-0: Called Strike
0-1: Ground out U3 (Groundball, 3)
Batting: RHB Glenn Curtis 0-0: Ball
1-0: Swinging Strike
1-1: Foul Ball, location: 2F
1-2: Ball
2-2: Strikes out looking
Batting: RHB Holden Ford 0-0: Called Strike
0-1: Fly out, F6 (Flyball, 56D)
Top of the 3rd over - 0 runs, 0 hits, 0 errors, 0 left on base; Belleville 0 - Mt. Vernon 2
BOTTOM OF THE 3RD
Mt. Vernon Bulls batting - Pitching for Belleville Bulls : LHP Gerald Emerson
Batting: RHB Ionut Tintoaca 0-0: DOUBLE (Flyball, 89XD)
Batting: RHB Kamakakoa Kaponianani 0-0: Foul Ball, location: 2F
0-1: Reached on error, E5 (Groundball, 5)
Ionut Tintoaca to third
Batting: RHB Phil Gillespie 0-0: Ball
Pickoff Throw to First - Error! E1
Ionut Tintoaca scores
Kamakakoa Kaponianani to second
1-0: Ball
2-0: Swinging Strike
2-1: Ball
3-1: Base on Balls
Batting: LHB Tomás Muinos 0-0: Called Strike
0-1: Fly out, F8 (Flyball, 8RD)
Batting: LHB Abraham Koen 0-0: Ball
1-0: Foul Ball, location: 2F
1-1: Swinging Strike
1-2: Strikes out swinging
Batting: SHB Roy Snider 0-0: Ball
1-0: Foul Ball, location: 2F
1-1: Ball
2-1: Swinging Strike
2-2: Ball
3-2: Foul Ball, location: 2F
3-2: Base on Balls
Kamakakoa Kaponianani to third
Phil Gillespie to second
Batting: RHB Hsin-ping Teoh 0-0: Called Strike
0-1: Ball
1-1: Ball
2-1: Fly out, F9 (Flyball, 9D)
Bottom of the 3rd over - 1 run, 1 hit, 2 errors, 3 left on base; Belleville 0 - Mt. Vernon 3
TOP OF THE 4TH
Belleville Bulls batting - Pitching for Mt. Vernon Bulls : LHP Tom Burnett
Batting: RHB Rey McSriff 0-0: Ball
1-0: Ground out 5-3 (Groundball, 56S)
Batting: RHB Gary Goodwin 0-0: Called Strike
0-1: Ball
1-1: Foul Ball, location: 2F
1-2: Strikes out swinging
Batting: RHB Cary Collins 0-0: Ball
1-0: Called Strike
1-1: Ground out 5-3 (Groundball, 56)
Top of the 4th over - 0 runs, 0 hits, 0 errors, 0 left on base; Belleville 0 - Mt. Vernon 3
BOTTOM OF THE 4TH
Mt. Vernon Bulls batting - Pitching for Belleville Bulls : LHP Gerald Emerson
Batting: SHB Fergus Stidston 0-0: Ball
1-0: Ball
2-0: Ball
3-0: Base on Balls
Batting: RHB Jiao-long Xú 0-0: Ball
1-0: Fielders Choice at 2nd, 5-4 (Groundball, 56)
Pitching: RHP António Esquivel
Batting: RHB Ionut Tintoaca 0-0: Ball
1-0: Foul Ball, location: 2F
1-1: Ball
2-1: Called Strike
2-2: Strikes out swinging
Batting: RHB Kamakakoa Kaponianani 0-0: Ball
1-0: Fly out, F8 (Flyball, 8RM)
Bottom of the 4th over - 0 runs, 0 hits, 0 errors, 1 left on base; Belleville 0 - Mt. Vernon 3
TOP OF THE 5TH
Belleville Bulls batting - Pitching for Mt. Vernon Bulls : LHP Tom Burnett
Batting: LHB Juan Rodríguez 0-0: Foul Ball, location: 2F
0-1: Ground out 6-3 (Groundball, 56)
Batting: RHB Kazunari Mizuno 0-0: Called Strike
0-1: Ball
1-1: Ball
2-1: Fly out, F4 (Line Drive, 4)
Batting: RHB Roberto Ortíz 0-0: Called Strike
0-1: Ball
1-1: Ball
2-1: Ball
3-1: Fly out, F6 (Line Drive, 6)
Top of the 5th over - 0 runs, 0 hits, 0 errors, 0 left on base; Belleville 0 - Mt. Vernon 3
BOTTOM OF THE 5TH
Mt. Vernon Bulls batting - Pitching for Belleville Bulls : RHP António Esquivel
Batting: RHB Phil Gillespie 0-0: Ball
1-0: Ball
2-0: Ball
3-0: Called Strike
3-1: Fly out, F8 (Flyball, 8LXD)
Batting: LHB Tomás Muinos 0-0: Ball
1-0: Called Strike
1-1: Ball
2-1: Ball
3-1: Called Strike
3-2: Base on Balls
Batting: LHB Abraham Koen 0-0: Hit by Pitch
Tomás Muinos to second
Batting: SHB Roy Snider 0-0: Called Strike
0-1: Ball
1-1: Ball
2-1: SINGLE (Groundball, 34D)
Tomás Muinos to third
Abraham Koen to second
Batting: RHB Hsin-ping Teoh 0-0: Ball
1-0: Foul Ball, location: 2F
1-1: Ball
2-1: Swinging Strike
2-2: Fielders Choice at 2nd, 6-4 (Groundball, 6MD)
Tomás Muinos scores
Abraham Koen to third
Batting: SHB Fergus Stidston 0-0: Foul Ball, location: 2F
0-1: Ball
1-1: Called Strike
1-2: Ball
2-2: Foul Ball, location: 2F
2-2: Ball
Passed Ball!
Abraham Koen scores
Hsin-ping Teoh to second
3-2: Strikes out swinging
Bottom of the 5th over - 2 runs, 1 hit, 0 errors, 1 left on base; Belleville 0 - Mt. Vernon 5
TOP OF THE 6TH
Belleville Bulls batting - Pitching for Mt. Vernon Bulls : LHP Tom Burnett
Batting: SHB Júlio Moreno 0-0: Called Strike
0-1: Ball
1-1: Foul Ball, location: 2F
1-2: Foul Ball, location: 2F
1-2: Foul Ball, location: 2F
1-2: Strikes out looking
Batting: RHB Glenn Curtis 0-0: Ball
1-0: Ball
2-0: Called Strike
2-1: Fly out, F6 (Popup, 4MS)
Batting: RHB Holden Ford 0-0: Called Strike
0-1: Called Strike
0-2: Ball
1-2: Ball
2-2: Strikes out swinging
Top of the 6th over - 0 runs, 0 hits, 0 errors, 0 left on base; Belleville 0 - Mt. Vernon 5
BOTTOM OF THE 6TH
Mt. Vernon Bulls batting - Pitching for Belleville Bulls : RHP António Esquivel
Batting: RHB Jiao-long Xú 0-0: Ground out 4-3 (Groundball, 4)
Batting: RHB Ionut Tintoaca 0-0: Foul Ball, location: 2F
0-1: Fly out, F7 (Line Drive, 7)
Batting: RHB Kamakakoa Kaponianani 0-0: Ball
1-0: Foul Ball, location: 2F
1-1: Called Strike
1-2: Foul Ball, location: 2F
1-2: Strikes out swinging
Bottom of the 6th over - 0 runs, 0 hits, 0 errors, 0 left on base; Belleville 0 - Mt. Vernon 5
TOP OF THE 7TH
Belleville Bulls batting - Pitching for Mt. Vernon Bulls : LHP Tom Burnett
Batting: RHB Rey McSriff 0-0: Foul Ball, location: 2F
0-1: Swinging Strike
0-2: Ball
1-2: Ball
2-2: Foul Ball, location: 2F
2-2: Ball
3-2: Foul Ball, location: 2F
3-2: Foul Ball, location: 2F
3-2: Foul Ball, location: 2F
3-2: Fly out, F7 (Flyball, 7S)
Batting: RHB Gary Goodwin 0-0: Called Strike
0-1: Fly out, F8 (Line Drive, 8LM)
Batting: RHB Cary Collins 0-0: Called Strike
0-1: Swinging Strike
0-2: Strikes out swinging
Top of the 7th over - 0 runs, 0 hits, 0 errors, 0 left on base; Belleville 0 - Mt. Vernon 5
BOTTOM OF THE 7TH
Mt. Vernon Bulls batting - Pitching for Belleville Bulls : RHP António Esquivel
Batting: RHB Phil Gillespie 0-0: Ball
1-0: Ball
2-0: Called Strike
2-1: Ball
3-1: Foul Ball, location: 2F
3-2: Base on Balls
Batting: LHB Tomás Muinos 0-0: Ball
1-0: Foul Ball, location: 2F
1-1: Foul Ball, location: 2F
1-2: Ball
2-2: Strikes out looking
Batting: LHB Abraham Koen 0-0: Ball
1-0: Ball
2-0: SINGLE (Flyball, 4MD)
Phil Gillespie to second
Batting: SHB Roy Snider 0-0: Ball
1-0: Ball
2-0: Fly out, F9 (Flyball, 9S)
Batting: RHB Hsin-ping Teoh 0-0: Called Strike
0-1: Ball
1-1: Ball
2-1: Foul Ball, location: 2F
2-2: Ball
3-2: Strikes out swinging
Bottom of the 7th over - 0 runs, 1 hit, 0 errors, 2 left on base; Belleville 0 - Mt. Vernon 5
TOP OF THE 8TH
Belleville Bulls batting - Pitching for Mt. Vernon Bulls : LHP Tom Burnett
Now at C: Modesto González
Now at 1B: Enrique Martínez
Now in RF: Iván Soto
Batting: LHB Juan Rodríguez 0-0: Fly out, F7 (Flyball, 78D)
Batting: RHB Kazunari Mizuno 0-0: Fly out, F5 (Line Drive, 56)
Batting: RHB Roberto Ortíz 0-0: Foul Ball, location: 2F
0-1: Ball
1-1: Ball
2-1: Foul Ball, location: 2F
2-2: Strikes out looking
Top of the 8th over - 0 runs, 0 hits, 0 errors, 0 left on base; Belleville 0 - Mt. Vernon 5
BOTTOM OF THE 8TH
Mt. Vernon Bulls batting - Pitching for Belleville Bulls : RHP António Esquivel
Batting: SHB Fergus Stidston 0-0: Called Strike
0-1: Ball
1-1: Fly out, F6 (Popup, 6MD)
Batting: RHB Jiao-long Xú 0-0: Called Strike
0-1: Called Strike
0-2: Strikes out looking
Batting: RHB Ionut Tintoaca 0-0: SINGLE (Flyball, 3D)
Pitching: RHP Cale Ryan
Batting: RHB Kamakakoa Kaponianani 0-0: Ball
1-0: Foul Ball, location: 2F
1-1: DOUBLE (Flyball, 9LD)
Ionut Tintoaca to third
Batting: RHB Phil Gillespie 0-0: Fly out, F6 (Line Drive, 6)
Bottom of the 8th over - 0 runs, 2 hits, 0 errors, 2 left on base; Belleville 0 - Mt. Vernon 5
TOP OF THE 9TH
Belleville Bulls batting - Pitching for Mt. Vernon Bulls : LHP Tom Burnett
Now at 3B: Anastasio Deleón
Batting: SHB Júlio Moreno 0-0: Ball
1-0: Foul Ball, location: 2F
1-1: Ball
2-1: Foul Ball, location: 2F
2-2: Strikes out swinging
Batting: RHB Glenn Curtis 0-0: Ball
1-0: SINGLE (Groundball, 6D)
Batting: RHB Holden Ford 0-0: Ball
1-0: Ground out 3-1 (Groundball, 34S)
Glenn Curtis to second
Batting: RHB Rey McSriff 0-0: Ball
1-0: Called Strike
1-1: Ball
2-1: Foul Ball, location: 2F
2-2: Strikes out swinging
Top of the 9th over - 0 runs, 1 hit, 0 errors, 1 left on base; Belleville 0 - Mt. Vernon 5
Friday, March 29th, 2019 - OOTP Baseball 18.8 Build 76